 Dungeon Crawl Stone Soup version 0.20.1-1-g8b1a95d (webtiles) character file.

3274 Knicklaso the Slicer (level 10, 0/84 HPs)
             Began as a Tengu Berserker on July 16, 2017.
             Was an Elder of Trog.
             Slain by Hylus's ghost (1 damage)
             ... on level 8 of the Dungeon.
             The game lasted 00:31:44 (7356 turns).

Knicklaso the Slicer (Tengu Berserker)              Turns: 7356, Time: 00:31:46

Health: 0/84       AC:  3    Str: 25    XL:     10   Next: 0%
Magic:  12/12      EV: 13    Int:  8    God:    Trog [****..]
Gold:   457        SH:  0    Dex: 14    Spells: 9/9 levels left

rFire    + + .     SeeInvis .   t - +0 short sword (flame)
rCold    + . .     Gourm    .   (no shield)
rNeg     . . .     Faith    .   H - +0 leather armour
rPois    +         Spirit   .   (helmet restricted)
rElec    +         Reflect  .   (no cloak)
rCorr    +         Harm     .   (no gloves)
MR       ++...                  (boots unavailable)
Stlth    ..........             (no amulet)
Regen    1.3/turn               v - ring of protection from cold
MPRegen  0.2/turn               j - ring of fire

@: berserking, resistant, regenerating, very quick
A: beak, talons 3, able to fly 1
a: Fly, Berserk, Trog's Hand, Brothers in Arms, Burn Spellbooks, Renounce
Religion


You were on level 8 of the Dungeon.
You worshipped Trog.
Trog was greatly pleased with you.
You were near starving.

You visited 1 branch of the dungeon, and saw 8 of its levels.
You also visited: Ossuary.

You collected 457 gold pieces.

Inventory:

Hand Weapons
 a - a +0 falchion
 t - a +0 short sword of flaming (weapon)
Missiles
 y - 6 tomahawks (quivered)
Armour
 H - a +0 leather armour (worn)
Jewellery
 j - a ring of fire (right hand)
 m - an uncursed ring of positive energy
 p - an uncursed ring of ice
 u - an uncursed ring of flight
 v - a ring of protection from cold (left hand)
Wands
 D - a wand of acid (7/15)
Scrolls
 e - a scroll of magic mapping {unknown}
 g - 2 scrolls of immolation
 i - a scroll of enchant armour {unknown}
 l - 2 scrolls of recharging
 n - 3 scrolls of teleportation
 C - a scroll of fog {unknown}
 F - 2 scrolls of remove curse
Potions
 b - 5 potions of brilliance
 f - 5 potions of might
 k - a potion of mutation
 q - a potion of flight
 s - 3 potions of curing
 x - 2 potions of ambrosia
 z - a potion of haste
 A - a potion of agility
 B - a potion of berserk rage
 E - a potion of magic
Comestibles
 c - 4 bread rations
 d - 4 chunks of flesh
 h - 3 meat rations
 o - 4 fruits


   Skills:
 * Level 3.9 Fighting
 - Level 9.4(10.6) Short Blades
 - Level 8.1(10.0) Long Blades
 - Level 3.7 Throwing
 - Level 2.1 Armour
 * Level 3.0 Dodging
 + Level 6.6 Stealth
 * Level 1.7 Evocations


You had 9 spell levels left.
You didn't know any spells.

Dungeon Overview and Level Annotations

Branches:
Dungeon (8/15)             Temple (0/1) D:4            Lair (0/6) D:8

Altars:
Fedhas

Shops:
D:7 }

Annotations:
D:8 Hylus's ghost, journeyman DrCj


Innate Abilities, Weirdness & Mutations

You have a beak for a mouth.
You have claws for feet.
You can fly.


Message History

Hylus's ghost is heavily damaged.
You miss Hylus's ghost. Your kick misses Hylus's ghost.
Your peck misses Hylus's ghost.
Hylus's ghost is heavily damaged.
You barely miss Hylus's ghost. Your kick misses Hylus's ghost.
Your peck misses Hylus's ghost.
Hylus's ghost is heavily damaged.
Hylus's ghost misses you.
You miss Hylus's ghost. Your kick misses Hylus's ghost.
Your peck misses Hylus's ghost.
Hylus's ghost is heavily damaged.
You hit Hylus's ghost.
Hylus's ghost is heavily damaged.
You closely miss Hylus's ghost. Your kick misses Hylus's ghost.
You peck Hylus's ghost.
Hylus's ghost is heavily damaged.
Hylus's ghost hits you.
* * * LOW HITPOINT WARNING * * *
Hylus's ghost freezes you.
You die...

#######.## #..####
#.....# #.#.#.# #.....##
#.#.#..# ##......#
#####....#.W############
............@..†....>..#
####...########.##.##.
##.## #.# #.# #.# #.#
#.# ##'## #.# ##...##
#.. ##.....## ###
##.......##


You could see Hylus's ghost.

Vanquished Creatures
  An elephant (D:8)
  A hippogriff (D:7)
  Sigmund (D:5)
  A wraith (Ossuary)
  A basilisk (D:8)
  Eustachio (D:6)
  An orc warrior (D:7)
  2 phantoms
  2 centaurs (D:5)
  4 ogres
  3 bullfrogs
  5 howler monkeys
  2 bullfrog zombies
  2 crimson imps
  4 hounds
  2 orc priests (D:5)
  A jelly (D:7)
  8 orc wizards
  Jessica (D:3)
  3 iguanas
  4 worker ants
  A hound zombie (D:6)
  2 hound skeletons
  A mummy (Ossuary)
  6 adders
  3 shadow imps
  3 oozes
  An adder zombie (D:8)
  3 worms
  A dart slug (D:2)
  A leopard gecko (D:5)
  20 orcs
  A ball python (D:4)
  8 bats
  7 giant cockroaches
  4 goblins (D:2)
  5 hobgoblins
  A quokka (D:5)
  5 frilled lizards
  7 gnoll skeletons (Ossuary)
  2 jackal skeletons
  11 kobolds
  10 kobold skeletons (Ossuary)
  A leopard gecko zombie (D:5)
  8 orc skeletons (Ossuary)
  A quokka skeleton (D:7)
  A quokka zombie (D:6)
  10 rats
174 creatures vanquished.

Notes
Turn   | Place    | Note
-------+----------+-------------------------------------------
     0 | D:1      | Knicklaso the Tengu Berserker began the quest for the Orb.
     0 | D:1      | Reached XP level 1. HP: 14/14 MP: 2/2
   162 | D:1      | Reached XP level 2. HP: 19/19 MP: 3/3
   255 | D:1      | Reached skill level 1 in Throwing
   455 | D:1      | Reached ** piety under Trog
   654 | D:2      | Reached XP level 3. HP: 22/23 MP: 4/4
   707 | D:2      | HP: 1/23 [worm (7)]
  1141 | D:2      | Noticed Jessica
  1303 | D:2      | Reached XP level 4. HP: 23/28 MP: 5/5
  1665 | D:3      | Reached skill level 5 in Long Blades
  2128 | D:3      | Killed Jessica
  2128 | D:3      | Gained mutation: You can fly. [Tengu growth]
  2128 | D:3      | Reached XP level 5. HP: 32/32 MP: 6/6
  2413 | D:4      | Noticed an ogre
  2422 | D:4      | Killed an ogre
  2422 | D:4      | Reached XP level 6. HP: 37/37 MP: 7/7
  2556 | D:4      | Reached *** piety under Trog
  2566 | D:4      | Reached XP level 7. HP: 9/41 MP: 8/8
  3172 | D:4      | Found a staircase to the Ecumenical Temple.
  3258 | D:5      | Entered Level 5 of the Dungeon
  3282 | D:5      | Reached skill level 1 in Short Blades
  3282 | D:5      | Reached skill level 1 in Stealth
  3301 | D:5      | Noticed Sigmund
  3313 | D:5      | Killed Sigmund
  3313 | D:5      | Reached skill level 2 in Short Blades
  3313 | D:5      | Reached XP level 8. HP: 21/46 MP: 9/9
  3314 | D:5      | Reached skill level 3 in Short Blades
  3571 | D:5      | Found a sand-covered staircase.
  3577 | Ossuary  | Entered an ossuary
  3577 | Ossuary  | Noticed a wraith
  3577 | Ossuary  | Noticed a wraith
  3577 | Ossuary  | Noticed a wraith
  3728 | Ossuary  | Noticed a wraith
  3747 | Ossuary  | Killed a wraith
  3747 | Ossuary  | Received a gift from Trog
  3747 | Ossuary  | Reached skill level 4 in Short Blades
  3838 | Ossuary  | Reached **** piety under Trog
  3938 | D:5      | Reached skill level 5 in Short Blades
  4307 | D:6      | Reached skill level 6 in Short Blades
  4307 | D:6      | Reached skill level 5 in Stealth
  4368 | D:6      | Reached XP level 9. HP: 44/50 MP: 10/10
  4574 | D:6      | Noticed Eustachio
  4604 | D:6      | Reached skill level 7 in Short Blades
  4847 | D:6      | Killed Eustachio
  5210 | D:7      | Found a blossoming altar of Fedhas.
  5432 | D:7      | Reached skill level 8 in Short Blades
  5565 | D:7      | Found Waewung's Gadget Boutique.
  5775 | D:7      | HP: 2/50 [howler monkey (6)]
  5861 | D:7      | Reached skill level 9 in Short Blades
  7172 | D:8      | Found a staircase to the Lair.
  7172 | D:8      | Noticed an elephant
  7195 | D:8      | Killed an elephant
  7195 | D:8      | Reached skill level 1 in Evocations
  7250 | D:8      | Reached XP level 10. HP: 46/56 MP: 12/12
  7315 | D:8      | Noticed Hylus's ghost (journeyman DrCj)
  7350 | D:8      | HP: 3/84 [Hylus's ghost (9)]
  7356 | D:8      | HP: 1/84 [Hylus's ghost (5)]
  7356 | D:8      | Slain by Hylus's ghost

Skill      XL: |  1  2  3  4  5  6  7  8  9 |
---------------+----------------------------+-----
Throwing       | 1 2 3 |  3.7
Long Blades    | 4 5 6 7 8 |  8.1
Short Blades   | 2 6 9 |  9.4
Stealth        | 3 5 6 |  6.6
Evocations     | 1 |  1.7
Dodging        | 3 |  3.0
Fighting       | |  3.9
Armour         | |  2.1

Action                   |  1- 3 |  4- 6 |  7- 9 | 10-12 || total
-------------------------+-------+-------+-------+-------++-------
Melee: Falchion          |    59 |    89 |    14 |       ||   162
       Kick              |    18 |    34 |   112 |     2 ||   166
       Peck              |    10 |    15 |    60 |     3 ||    88
       Short sword       |       |       |   269 |    17 ||   286
Invok: Berserk           |       |       |    11 |     1 ||    12
       Trog's Hand       |       |       |     4 |     1 ||     5
 Abil: Fly               |       |       |     2 |       ||     2
  Use: Scroll            |       |     6 |    13 |       ||    19
       Potion            |       |       |       |     2 ||     2
 Stab: Sleeping          |       |       |     7 |       ||     7
  Eat: Chunk             |     1 |     4 |    23 |       ||    28
       Bread ration      |       |       |     1 |       ||     1
Armor: Ring mail         |    14 |    24 |    31 |       ||    69
       Leather armour    |       |       |     7 |     1 ||     8
Dodge: Dodged            |    44 |    40 |    79 |     2 ||   165
       Rpst.: Falchion   |    16 |    15 |       |       ||    31
